Map: Glittering Ashes LE

Players

Astrea

  • Race: Protoss Protoss
  • League: Grandmaster

Krystianer - Winner!

  • Race: Protoss Protoss
  • League: Master

Event: DreamHack SC2 Masters Last Chance 2022

VOD

Have the link to the VOD?

Description

Time

  • Played on: Dec. 17, 2021, 1:47 p.m.
  • Length: 13:59

All games in this series

Show
View Real Time Build Order
Export as new Build Order

Astrea Protoss 

Build Orders: Oracle Opening, Phoenix Opening, Zealot Archon 

Get SALT Encoding   

  12  0:00  Probe  
  13  0:12  Probe  
  14  0:18  Pylon  
  14  0:24  Probe (Chrono Boost)  
  15  0:36  Probe (Chrono Boost)  
  15  0:40  Gateway  
  16  0:45  Probe (Chrono Boost)  
  16  0:46  Assimilator  
  17  0:51  Probe  
  18  1:03  Probe (Chrono Boost)  
  19  1:04  Assimilator  
  19  1:07  Pylon  
  19  1:12  Probe (Chrono Boost)  
  19  1:17  Probe (Chrono Boost)  
  21  1:27  Cybernetics Core  
  21  1:29  Probe  
  21  1:32  Zealot  
  24  1:41  Probe  
  25  1:53  Probe  
  26  2:04  Adept (Chrono Boost)  
  26  2:05  Stargate  
  28  2:26  Warp Gate  
  28  2:28  Pylon  
  28  2:29  Stalker  
  30  2:30  Probe  
  30  2:32  Shield Battery  
  30  2:45  Probe  
  31  2:53  Oracle (Chrono Boost)  
  32  3:02  Nexus  
  32  3:08  Probe  
  32  3:12  Stalker  
  35  3:25  Pylon  
  35  3:29  Shield Battery  
  39  3:43  Probe  
  40  3:52  Phoenix  
  34  3:56  Probe  
  34  4:08  Probe  
  34  4:21  Probe x2 (Chrono Boost)  
  34  4:33  Probe (Chrono Boost)  
  34  4:38  Probe (Chrono Boost)  
  36  4:40  Probe (Chrono Boost)  
  36  4:44  Probe (Chrono Boost)  
  38  4:46  Twilight Council  
  38  4:52  Gateway, Probe (Chrono Boost)  
  39  4:56  Probe (Chrono Boost)  
  41  5:02  Probe x2 (Chrono Boost)  
  42  5:10  Probe  
  42  5:12  Probe  
  44  5:15  Gateway x2  
  44  5:22  Probe  
  44  5:24  Probe  
  44  5:27  Blink (Chrono Boost)  
  46  5:35  Probe  
  47  5:36  Probe  
  47  5:37  Dark Shrine  
  48  5:47  Probe  
  48  5:48  Probe  
  48  5:49  Nexus  
  50  5:59  Probe  
  50  6:00  Probe  
  50  6:02  Pylon  
  52  6:05  Stalker x2  
  52  6:09  Pylon  
  52  6:11  Probe  
  57  6:12  Probe  
  57  6:18  Stalker  
  60  6:21  Assimilator  
  60  6:24  Probe  
  61  6:30  Probe  
  62  6:34  Stalker x2  
  62  6:37  Probe  
  67  6:40  Shield Battery  
  67  6:41  Pylon  
  67  6:43  Probe  
  68  6:55  Dark Templar  
  68  6:58  Probe  
  68  6:59  Dark Templar x2  
  73  7:05  Stalker  
  73  7:06  Probe  
  74  7:09  Probe  
  74  7:10  Probe  
  76  7:18  Probe  
  76  7:21  Probe  
  76  7:22  Probe  
  77  7:26  Robotics Facility  
  77  7:28  Forge  
  77  7:29  Stalker, Pylon  
  79  7:30  Probe  
  79  7:33  Probe  
  79  7:34  Probe  
  79  7:42  Probe, Archon  
  80  7:45  Probe  
  80  7:46  Probe  
  80  7:48  Stalker x3  
  88  7:54  Probe  
  88  7:57  Probe  
  90  7:59  Probe  
  90  8:03  Stalker  
  90  8:04  Protoss Ground Weapons Level 1 (Chrono Boost)  
  93  8:06  Probe  
  93  8:09  Probe  
  93  8:12  Gateway  
  95  8:13  Gateway  
  95  8:14  Observer (Chrono Boost)  
  95  8:15  Stalker  
  95  8:17  Pylon  
  95  8:18  Assimilator  
  98  8:24  Probe  
  98  8:26  Nexus  
  101  8:29  Pylon  
  99  8:38  Robotics Bay, Assimilator  
  99  8:47  Photon Cannon  
  96  8:55  Probe x3  
  98  9:07  Probe  
  99  9:13  Probe  
  100  9:17  Stalker x6  
  100  9:22  Assimilator  
  100  9:23  Disruptor (Chrono Boost)  
  112  9:25  Pylon  
  112  9:28  Pylon  
  112  9:29  Pylon  
  115  9:37  Nexus, Shadow Stride (Chrono Boost)  
  115  9:38  Observer  
  112  9:40  Charge  
  112  9:41  Probe x3  
  112  9:43  Pylon  
  112  9:45  Pylon  
  115  9:48  Disruptor (Chrono Boost)  
  118  9:53  Probe  
  118  9:54  Probe  
  118  9:55  Stalker x4  
  118  9:56  Probe  
  129  10:03  Photon Cannon  
  129  10:05  Observer, Probe  
  129  10:06  Probe, Shield Battery  
  131  10:08  Probe  
  132  10:14  Disruptor (Chrono Boost)  
  132  10:17  Robotics Facility  
  132  10:18  Probe x2  
  137  10:21  Probe  
  137  10:25  Assimilator  
  137  10:27  Assimilator  
  138  10:30  Photon Cannon  
  138  10:35  Stalker x6  
  150  10:41  Nexus  
  150  10:48  Disruptor  
  143  11:07  Probe  
  143  11:08  Probe x2  
  141  11:17  Pylon  
  141  11:18  Pylon  
  138  11:20  Stalker x2, Probe x2  
  138  11:22  Pylon  
  141  11:29  Nexus  
  141  11:35  Disruptor  
  141  11:36  Disruptor  
  147  11:47  Dark Templar x5  
  149  12:03  Stalker  
  136  12:16  Probe x3  
  136  12:20  Stalker x5  
  149  12:29  Probe  
  151  12:30  Probe  
  151  12:32  Disruptor x2, Pylon  
  151  12:35  Pylon  
  157  12:40  Dark Templar  
  157  12:42  Probe x2  
  151  12:53  Stalker x5  
  141  13:08  Disruptor x2  
  115  13:23  Stalker x6  
  117  13:40  Nexus  
  110  13:47  Dark Templar x3  
  110  13:48  Zealot x3  
Show
View Real Time Build Order
Export as new Build Order

Krystianer Protoss - Winner!

Build Orders: Oracle Opening 

Get SALT Encoding   

  12  0:00  Probe  
  13  0:12  Probe  
  14  0:17  Pylon  
  14  0:24  Probe (Chrono Boost)  
  16  0:37  Gateway, Probe (Chrono Boost)  
  16  0:42  Probe (Chrono Boost)  
  16  0:45  Assimilator  
  17  0:51  Probe  
  18  0:58  Assimilator  
  18  1:03  Probe (Chrono Boost)  
  19  1:08  Gateway  
  19  1:12  Probe (Chrono Boost)  
  19  1:17  Probe (Chrono Boost)  
  20  1:24  Cybernetics Core  
  21  1:29  Probe  
  22  1:35  Pylon  
  22  1:42  Probe  
  23  1:49  Pylon  
  23  2:01  Adept x2  
  27  2:07  Probe  
  27  2:08  Pylon  
  28  2:15  Warp Gate  
  28  2:22  Pylon  
  28  2:28  Stargate  
  28  2:40  Pylon  
  28  2:49  Shield Battery  
  28  2:54  Probe  
  28  3:05  Nexus  
  28  3:08  Oracle (Chrono Boost)  
  30  3:19  Shield Battery  
  30  3:20  Probe  
  31  3:35  Oracle (Chrono Boost)  
  31  3:39  Probe  
  33  3:51  Twilight Council, Probe  
  34  4:03  Probe  
  34  4:07  Stalker x2  
  38  4:18  Probe (Chrono Boost)  
  38  4:19  Probe (Chrono Boost)  
  39  4:27  Probe (Chrono Boost)  
  39  4:30  Probe (Chrono Boost)  
  41  4:32  Probe (Chrono Boost)  
  41  4:34  Blink (Chrono Boost)  
  39  4:39  Probe  
  39  4:42  Stalker  
  39  4:44  Probe  
  43  4:47  Stalker  
  43  4:51  Probe  
  46  4:56  Probe  
  47  5:03  Probe  
  49  5:15  Probe, Pylon  
  49  5:17  Nexus  
  49  5:18  Probe  
  50  5:24  Stalker  
  50  5:27  Probe  
  53  5:30  Probe  
  53  5:34  Stalker  
  56  5:37  Pylon  
  56  5:40  Probe  
  56  5:42  Probe  
  58  5:46  Gateway  
  58  5:47  Forge  
  58  5:51  Gateway  
  58  5:53  Probe  
  58  5:55  Probe  
  60  6:02  Stalker x2  
  64  6:07  Probe  
  64  6:10  Probe  
  64  6:11  Pylon  
  66  6:19  Probe, Protoss Ground Weapons Level 1 (Chrono Boost)  
  67  6:27  Photon Cannon  
  67  6:29  Stalker x2  
  67  6:32  Probe x2  
  72  6:36  Probe  
  73  6:42  Stalker  
  73  6:44  Probe  
  73  6:46  Stalker, Probe  
  79  6:48  Probe  
  79  7:01  Photon Cannon  
  77  7:04  Stalker x2  
  77  7:07  Probe  
  81  7:09  Stalker x2  
  81  7:14  Probe  
  81  7:15  Probe  
  85  7:19  Probe  
  84  7:23  Photon Cannon  
  84  7:32  Probe (Chrono Boost)  
  83  7:39  Stalker x4  
  83  7:40  Probe (Chrono Boost)  
  83  7:41  Probe (Chrono Boost)  
  89  7:49  Probe (Chrono Boost)  
  89  7:50  Probe (Chrono Boost)  
  91  7:51  Photon Cannon  
  91  7:52  Probe (Chrono Boost)  
  91  7:57  Robotics Facility  
  91  7:59  Pylon  
  91  8:01  Pylon  
  91  8:02  Pylon  
  88  8:13  Protoss Ground Weapons Level 2 (Chrono Boost)  
  88  8:16  Assimilator  
  88  8:17  Probe x3  
  88  8:18  Nexus  
  88  8:19  Pylon  
  91  8:29  Probe  
  91  8:30  Shield Battery  
  91  8:31  Probe, Pylon  
  91  8:33  Shield Battery  
  93  8:39  Probe  
  94  8:45  Stalker x3  
  94  8:46  Stalker  
  102  8:48  Probe  
  102  8:51  Probe  
  104  9:00  Probe  
  104  9:02  Probe  
  105  9:08  Gateway  
  105  9:10  Gateway  
  105  9:11  Gateway  
  105  9:12  Stalker x2  
  105  9:15  Warp Prism (Chrono Boost)  
  111  9:18  Probe  
  111  9:21  Photon Cannon  
  112  9:26  Probe  
  112  9:27  Probe  
  114  9:32  Stalker  
  114  9:33  Stalker  
  114  9:37  Shield Battery  
  118  9:38  Stalker  
  118  9:39  Stalker  
  118  9:42  Probe  
  118  9:43  Assimilator  
  118  9:45  Observer (Chrono Boost)  
  123  9:46  Pylon  
  121  10:03  Observer  
  121  10:04  Probe x2  
  121  10:06  Stalker  
  121  10:07  Stalker x2, Protoss Ground Weapons Level 3 (Chrono Boost)  
  128  10:13  Zealot x2  
  128  10:14  Zealot x2  
  138  10:17  Assimilator  
  138  10:20  Assimilator, Probe  
  139  10:21  Pylon  
  139  10:29  Probe  
  139  10:33  Charge (Chrono Boost)  
  138  10:41  Zealot x4  
  138  10:42  Zealot x3  
  152  10:44  Probe  
  152  10:48  Probe  
  152  10:50  Probe  
  135  11:06  Stalker  
  135  11:07  Stalker x5  
  135  11:08  Probe  
  148  11:13  Pylon  
  148  11:14  Pylon  
  148  11:17  Pylon  
  148  11:18  Pylon  
  139  11:30  Stalker x5  
  139  11:32  Zealot x2  
  153  11:34  Probe  
  153  11:37  Nexus  
  153  11:41  Gateway  
  153  11:44  Warp Prism (Chrono Boost)  
  153  11:46  Gateway, Probe  
  155  11:47  Probe  
  155  11:51  Gateway  
  153  11:55  Zealot  
  153  11:56  Zealot x6  
  153  11:58  Probe  
  164  12:01  Probe  
  164  12:03  Probe  
  164  12:04  Probe  
  167  12:17  Zealot x6  
  167  12:22  Probe  
  173  12:23  Probe x2  
  173  12:24  Probe  
  174  12:32  Observer (Chrono Boost)  
  174  12:34  Photon Cannon, Probe  
  174  12:35  Probe x2  
  174  12:36  Probe  
  177  12:38  Pylon  
  177  12:40  Stalker x5  
  177  12:44  Photon Cannon x2  
  187  12:46  Pylon  
  179  13:00  Zealot x5  
  173  13:07  Probe  
  173  13:08  Probe  
  173  13:09  Zealot x2  
  173  13:10  Zealot x3  
  173  13:11  Probe x2  
  181  13:16  Probe  
  173  13:21  Observer (Chrono Boost)  
  173  13:24  Stalker x4  
  182  13:27  Probe  
  182  13:32  Zealot x3  
  176  13:34  Probe  
  176  13:38  Probe  
  176  13:41  Probe  
  164  13:42  Probe  
  164  13:43  Probe  
  164  13:47  Stalker x4  
  146  13:56  Zealot  
  146  13:57  Zealot x3  

Tags
 
Add a new tag
Caveats
  • Supply blocks, unpowered buildings, or Contaminate may cause inaccurate times.
  • Supply counts are checked every 10 seconds.